 Dungeon Crawl Stone Soup version 0.20-a0-1043-gbd57889 (webtiles) character file.

40 Laraso the Grave Robber (level 3, 15/16 HPs)
             Began as a Vine Stalker Necromancer on Apr 9, 2017.
             Quit the game on level 2 of the Dungeon on Apr 24, 2017.
             The game lasted 00:05:30 (1754 turns).

Laraso the Grave Robber (Vine Stalker Necromancer)  Turns: 1754, Time: 00:05:30

Health: 15/16      AC:  3    Str: 10    XL:     3   Next: 50%
Magic:  7/7        EV: 12    Int: 16    God:
Gold:   70         SH:  0    Dex: 14    Spells: 1/6 levels left

rFire    . . .     SeeInvis .   a - +0 short sword
rCold    . . .     Gourm    .   (no shield)
rNeg     . . .     Faith    .   h - +1 robe
rPois    .         Spirit   +   (no helmet)
rElec    .         Reflect  .   (no cloak)
rCorr    .         Harm     .   (no gloves)
MR       .....                  (no boots)
Stlth    ++........             (no amulet)
Regen    0.1/turn               (no ring)
MPRegen  0.1/turn               (no ring)

@: no status effects
A: fangs 2, magic shield, antimagic bite, no potion heal 3, rot immunity
a: no special abilities


You were on level 2 of the Dungeon.
You were not hungry.

You visited 1 branch of the dungeon, and saw 2 of its levels.

You collected 70 gold pieces.

Inventory:

Hand Weapons
 a - a +0 short sword (weapon)
Armour
 h - a +1 robe (worn)
Scrolls
 e - a scroll of enchant armour
 j - a scroll of immolation
Potions
 g - 2 potions of invisibility {unknown}
 i - a potion of curing {unknown}
Books
 b - a book of Necromancy

   Spells                             Type                      Level
   a - Pain                           Necromancy                   1
   b - Animate Skeleton               Necromancy                   1
   c - Vampiric Draining              Necromancy                   3
   d - Regeneration                   Charms/Necromancy            3
   e - Animate Dead                   Necromancy                   4
   f - Control Undead                 Necromancy                   4
Comestibles
 c - 2 bread rations
 f - a fruit


   Skills:
 - Level 1.5 Dodging
 - Level 2.4 Stealth
 - Level 2.1 Spellcasting
 * Level 5.2 Necromancy


You had one spell level left.
You knew the following spells:

 Your Spells              Type           Power        Failure   Level  Hunger
a - Pain                  Necr           ###.         2%          1    #......
b - Animate Skeleton      Necr           N/A          2%          1    #......
c - Vampiric Draining     Necr           ###.......   7%          3    ###....


Dungeon Overview and Level Annotations

Branches:
Dungeon (2/15)

Altars:
Elyvilon


Innate Abilities, Weirdness & Mutations

You have extremely sharp teeth.
When hurt, damage is shared between your health and your magic reserves.
Your bite disrupts and absorbs the magic of your enemies.
Potions cannot restore your health.
You are immune to rotting.


Message History

You swap places.
A kobold comes into view. It is wielding a dagger.
The kobold moves out of view.
Unknown command.
Health restored: 16 A kobold is nearby!
Found 17 stones.
You can't see any susceptible monsters within range! (Use Z to cast anyway.) Unknown command.
Okay, then.
A bat comes into view.
The kobold shouts!
Aim: a kobold, wielding a dagger (chance to defeat MR: 89%)
The kobold writhes in agony!
You kill the kobold!
You take 1 damage, and have 15/16 hp.
You now have 6/7 mp.
Aim: a bat (chance to defeat MR: 89%)
The bat writhes in agony!
You kill the bat!
You can't see any susceptible monsters within range! (Use Z to cast anyway.)
You take 1 damage, and have 14/16 hp.
You now have 5/7 mp.
Unknown command.
Things that are here:
a dagger; a kobold corpse You attempt to give life to the dead...
Before your eyes, flesh is ripped from the corpse!
The dead are walking!
You see here 3 inedible chunks of flesh.
You now have 4/7 mp.
You start resting.
A rat comes into view.
A rat is nearby!
A rat is nearby!
What are your orders? t - Shout!
Orders for allies: a - Attack new target. r - Retreat! s - Stop attacking. g - Guard the area. f - Follow me.
Anything else - Cancel.
Okay, then.
You swap places.
You hit the rat but do no damage. You bite the rat. You drain its power.
You feel invigorated.
You kill the rat!
MP restored: 7 You see here a rat corpse.
You attempt to give life to the dead...
Before your eyes, flesh is ripped from the corpse!
The dead are walking!
d - a chunk of flesh You now have 6/7 mp.
You start resting.
Eating a chunk of flesh.
You eat the chunk of flesh.
MP restored: 7 You start resting.
Your kobold skeleton crumbles into dust!
Wield which item (- for none, * to show all)? (? for menu, Esc to quit)
You don't have any such object.
Wield which item (- for none, * to show all)? (? for menu, Esc to quit)
Okay, then.
Welcome back, Laraso the Vine Stalker Necromancer.

###.#### #.# .......#
#.##### .##.##.#
......## .##.##.## #..
... ........#.# ### #.#
...#.#.<#.# #%#
...#)#..#.##### #)#
.............(###Z##
...#.##.#.###.##@Z.###.
(..#.##.#.# #...........
..).......###.##...###.#
.#......Z..............
.################.#####
.# #.# ## ..# ##


You could see a friendly rat skeleton and a friendly kobold skeleton.

Vanquished Creatures
  An adder (D:2)
  A worm (D:2)
  2 leopard geckos (D:1)
  4 bats
  A goblin (D:2)
  2 hobgoblins (D:1)
  2 jackals (D:2)
  9 kobolds
  2 rats
24 creatures vanquished.

Vanquished Creatures (collateral kills)
  A jackal (D:2)
1 creature vanquished.

Grand Total: 25 creatures vanquished

Notes
Turn   | Place    | Note
-------+----------+-------------------------------------------
     0 | D:1      | Laraso the Vine Stalker Necromancer began the quest for the Orb.
     0 | D:1      | Reached XP level 1. HP: 9/9 MP: 4/4
   341 | D:1      | Learned a level 1 spell: Animate Skeleton
   381 | D:1      | Reached XP level 2. HP: 10/13 MP: 1/6
  1164 | D:2      | Reached XP level 3. HP: 11/16 MP: 2/7
  1164 | D:2      | Reached skill level 5 in Necromancy
  1199 | D:2      | Found a white marble altar of Elyvilon.
  1232 | D:2      | HP: 5/16 [goblin/stone (2)]
  1471 | D:1      | Learned a level 3 spell: Vampiric Draining
  1754 | D:2      | Upgraded the game from 0.20-a0-972-gb9bd3e6 to 0.20-a0-1043-gbd57889
  1754 | D:2      | Quit the game

Vault maps used:
D:1:      onia_arrival_pentagram
D:2:      old_standard_altar, first_bread, uniq_robin

Skill      XL: |  1  2  3 |
---------------+----------+-----
Necromancy     | 5 |  5.2
Dodging        | |  1.5
Stealth        | |  2.4
Spellcasting   | |  2.1

Action                   || total
-------------------------++-------
Melee: Short sword       ||    13
       Bite              ||     2
 Cast: Pain              ||    40
       Animate Skeleton  ||    13
  Use: Scroll            ||     5
  Eat: Chunk             ||     3
Armor: Robe              ||    11
Dodge: Dodged            ||    24

Table legend:
 A = Kills in this place as a percentage of kills in entire the game.
 B = Kills by you in this place as a percentage of kills by you in the entire game.
 C = Kills by friends in this place as a percentage of kills by friends in the entire game.
 D = Other kills in this place as a percentage of other kills in the entire game.
 E = Experience gained in this place as a percentage of experience gained in the entire game.
 F = Experience gained in this place divided by the number of levels of this place that you have seen.
                   A       B       C       D       E      F
               +-------+-------+-------+-------+-------+----------------------
         Total | 100.0 | 100.0 | 100.0 |  -nan | 100.0 |  29.0
       Dungeon | 100.0 | 100.0 | 100.0 |  -nan | 100.0 |  29.0
               +-------+-------+-------+-------+-------+----------------------

Table legend:
 A = Turns spent in this place as a percentage of turns spent in the entire game.
 B = Non-inter-level travel turns spent in this place as a percentage of non-inter-level travel turns spent in the entire game.
 C = Inter-level travel turns spent in this place as a percentage of turns spent in this place.
 D = Turns resting spent in this place as a percentage of non-inter-level travel turns spent in this place.
 E = Turns spent auto-exploring this place as a percentage of non-inter-level travel turns spent in this place.
 F = Non-inter-level travel turns spent in this place divided by the number of levels of this place that you've seen.
                   A       B       C       D       E      F
               +-------+-------+-------+-------+-------+----------------------
         Total | 100.0 | 100.0 |   0.5 |  11.9 |   8.8 | 188.5
       Dungeon | 100.0 | 100.0 |   0.5 |  11.9 |   8.8 | 188.5
               +-------+-------+-------+-------+-------+----------------------

Vault maps used:
D:1:      onia_arrival_pentagram
D:2:      old_standard_altar, first_bread, uniq_robin
